Map: Coda EC

Players

AgCl

  • Race: Protoss Protoss
  • League: Grandmaster

yourself - Winner!

  • Race: Zerg Zerg
  • League: Grandmaster

VOD

Have the link to the VOD?

Description

Time

  • Played on: June 11, 2015, 6:20 p.m.
  • Length: 10:43
Show
View Real Time Build Order
Export as new Build Order

AgCl Protoss 

Build Orders: Oracle Opening 

Get SALT Encoding   

  12  0:05  Probe  
  13  0:22  Probe, Pylon  
  14  0:40  Probe  
  15  0:46  Assimilator  
  15  0:48  Gateway  
  15  0:52  Probe  
  16  1:04  Probe  
  17  1:16  Probe  
  18  1:28  Probe  
  18  1:30  Pylon  
  19  1:37  Zealot (Chrono Boost)  
  21  1:40  Probe (Chrono Boost)  
  21  1:45  Cybernetics Core  
  22  1:51  Assimilator  
  22  1:52  Probe (Chrono Boost)  
  24  2:02  Probe (Chrono Boost)  
  24  2:08  Cybernetics Core  
  24  2:10  Probe (Chrono Boost)  
  25  2:20  Probe (Chrono Boost)  
  26  2:27  Probe  
  26  2:29  Stargate  
  27  2:39  Probe  
  28  2:51  Probe  
  27  3:06  Mothership Core (Chrono Boost)  
  27  3:07  Nexus  
  27  3:08  Warp Gate (Chrono Boost)  
  30  3:17  Pylon  
  28  3:34  Gateway, Pylon  
  28  3:35  Oracle (Chrono Boost)  
  28  3:38  Gateway  
  31  3:44  Adept (Chrono Boost)  
  33  3:53  Probe  
  34  4:05  Probe  
  35  4:10  Nexus  
  31  4:20  Probe (Chrono Boost)  
  32  4:30  Probe (Chrono Boost)  
  33  4:37  Probe  
  34  4:46  Gateway  
  34  4:50  Probe  
  35  4:52  Pylon  
  35  5:02  Probe  
  35  5:05  Sentry x2  
  40  5:14  Probe  
  41  5:19  Assimilator  
  41  5:23  Probe  
  41  5:26  Fleet Beacon, Probe  
  43  5:30  Adept  
  43  5:33  Adept  
  46  5:36  Probe (Chrono Boost)  
  48  5:46  Probe (Chrono Boost)  
  48  5:47  Probe (Chrono Boost)  
  49  5:54  Probe (Chrono Boost)  
  49  5:57  Phoenix  
  53  5:58  Probe (Chrono Boost)  
  53  6:02  Assimilator  
  54  6:05  Probe (Chrono Boost)  
  54  6:07  Probe (Chrono Boost)  
  55  6:12  Probe (Chrono Boost)  
  55  6:13  Probe (Chrono Boost)  
  55  6:16  Adept x2  
  57  6:23  Probe  
  58  6:25  Probe  
  58  6:32  Carrier (Chrono Boost)  
  59  6:35  Probe  
  59  6:38  Pylon  
  60  6:53  Nexus, Pylon  
  60  6:56  Probe (Chrono Boost)  
  60  6:57  Graviton Catapult, Pylon  
  60  6:59  Protoss Air Weapons Level 1 (Chrono Boost)  
  68  7:01  Probe (Chrono Boost)  
  68  7:11  Probe (Chrono Boost)  
  68  7:12  Probe (Chrono Boost)  
  70  7:20  Forge  
  70  7:23  Probe x2  
  70  7:26  Assimilator  
  72  7:31  Carrier (Chrono Boost)  
  72  7:35  Probe x2, Stargate  
  72  7:36  Pylon  
  73  7:47  Probe  
  73  7:48  Probe  
  75  7:53  Twilight Council  
  75  7:55  Protoss Ground Weapons Level 1 (Chrono Boost)  
  81  8:01  Probe (Chrono Boost)  
  81  8:02  Photon Cannon  
  82  8:07  Probe (Chrono Boost), Assimilator  
  82  8:12  Probe (Chrono Boost)  
  85  8:13  Probe (Chrono Boost)  
  85  8:18  Probe (Chrono Boost)  
  86  8:22  Probe (Chrono Boost)  
  86  8:24  Probe, Pylon  
  88  8:29  Gateway  
  88  8:31  Pylon  
  88  8:35  Probe  
  88  8:36  Probe  
  88  8:39  Gateway  
  90  8:44  Probe  
  90  8:45  Carrier (Chrono Boost)  
  90  8:46  Gateway  
  90  8:47  Probe  
  92  8:49  Dark Shrine  
  92  9:02  Adept  
  100  9:14  Adept  
  100  9:15  Carrier (Chrono Boost)  
  102  9:20  Shield Upgrade  
  81  9:50  Adept  
  81  9:51  Adept x3  
  62  10:16  Dark Templar x2  
Show
View Real Time Build Order
Export as new Build Order

yourself Zerg - Winner!

Build Orders: Hatch First 

Get SALT Encoding   

  12  0:02  Drone  
  13  0:08  Drone  
  14  0:17  Drone, Extractor  
  15  0:39  Hatchery  
  14  0:45  Overlord  
  14  0:58  Drone, Extractor  
  14  1:11  Spawning Pool  
  13  1:12  Drone  
  13  1:17  Drone  
  15  1:23  Drone  
  15  1:24  Drone  
  17  1:35  Drone  
  18  1:45  Overlord  
  18  1:51  Drone  
  19  1:59  Drone  
  20  2:02  Drone  
  20  2:04  Metabolic Boost  
  21  2:13  Drone x2  
  23  2:18  Drone  
  23  2:20  Queen  
  26  2:27  Spine Crawler  
  25  2:33  Queen  
  27  2:40  Zergling x4  
  28  2:47  Zergling x6  
  26  3:04  Drone x3  
  29  3:14  Zergling x4  
  31  3:23  Drone x2  
  33  3:27  Overlord  
  32  3:54  Drone x2  
  32  3:55  Drone x8  
  40  4:20  Zergling x10  
  43  4:31  Spore Crawler  
  42  4:32  Drone  
  43  4:47  Spore Crawler, Drone  
  43  4:48  Drone  
  43  4:52  Overlord x3  
  44  4:55  Extractor  
  44  4:56  Roach Warren  
  44  4:58  Extractor x2  
  36  5:20  Drone x6  
  41  5:24  Drone x3  
  44  5:35  Lair  
  43  5:43  Zergling x10  
  43  5:44  Zergling x4  
  50  5:58  Drone  
  50  5:59  Drone x2  
  50  6:00  Drone x2  
  55  6:13  Drone x2  
  54  6:25  Zergling x14  
  54  6:30  Hatchery  
  55  6:33  Drone  
  55  6:35  Hydralisk Den  
  55  6:36  Drone  
  55  6:38  Evolution Chamber, Queen  
  57  6:40  Overlord x3  
  57  6:51  Overlord x2  
  57  6:57  Glial Reconstitution  
  57  7:01  Roach x8  
  73  7:10  Muscular Augments  
  69  7:24  Hydralisk x3  
  69  7:25  Hydralisk x2  
  69  7:28  Zerg Ground Armor Level 1  
  79  7:41  Drone x7  
  79  7:42  Drone  
  87  7:48  Hydralisk x3  
  93  8:04  Hydralisk x3  
  93  8:05  Hydralisk x3  
  101  8:07  Overlord  
  101  8:08  Overlord x2  
  101  8:10  Extractor  
  104  8:28  Hydralisk x3, Roach x3  
  104  8:29  Hydralisk x2, Roach  
  122  8:36  Drone x3  
  122  8:40  Overlord x2  
  125  8:48  Roach x2  
  129  9:00  Roach  
  129  9:01  Roach x3  
  137  9:04  Hatchery  
  137  9:05  Drone  
  136  9:28  Overlord x2  
  132  9:48  Spore Crawler  
  132  9:49  Spore Crawler  
  132  9:51  Spore Crawler, Spine Crawler  
  132  9:52  Spore Crawler, Spine Crawler  
  124  10:01  Hatchery  
  113  10:18  Roach x2  
  113  10:19  Roach x7  
  113  10:20  Roach x2  
Tags
 
Add a new tag
Caveats
  • Supply blocks, unpowered buildings, or Contaminate may cause inaccurate times.
  • Supply counts are checked every 10 seconds.